 Dungeon Crawl Stone Soup version 0.25-a0-890-g62861fb195 (webtiles) character file.

Game seed: 11587877020105369435, levelgen mode: classic

807 Amnesiac the Frost Mage (level 7, -1/41 HPs)
             Began as a Deep Elf Ice Elementalist on May 3, 2020.
             Was an Initiate of Vehumet.
             Killed by miscasting Summon Ice Beast (12 damage)
             ... on level 4 of the Dungeon.
             The game lasted 00:09:57 (2418 turns).

Amnesiac the Frost Mage (Deep Elf Ice Elementalist) Turns: 2418, Time: 00:09:57

Health: -1/41      AC:  5    Str:  5    XL:     7   Next: 60%
Magic:  9/18       EV: 13    Int: 22    God:    Vehumet [......]
Gold:   132        SH:  0    Dex: 15    Spells: 7/18 levels left

rFire    . . .     SeeInvis .   a - +1 long sword
rCold    . . .     Gourm    .   (no shield)
rNeg     . . .     Faith    .   m - +0 robe
rPois    .         Spirit   .   b - +0 helmet
rElec    .         Reflect  .   (no cloak)
rCorr    .         Harm     .   (no gloves)
MR       .....                  q - +1 pair of boots
Stlth    ++........             (no amulet)
HPRegen  0.13/turn              l - ring of flight
MPRegen  0.16/turn              (no ring)

@: very slightly contaminated
A: no striking features
a: Renounce Religion, Evoke Flight


You were on level 4 of the Dungeon.
You worshipped Vehumet.
Vehumet was noncommittal.
You were not hungry.

You visited 2 branches of the dungeon, and saw 8 of its levels.
You also visited: Bailey.

You collected 132 gold pieces.

Inventory:

Hand Weapons
 a - a +1 long sword (weapon)
Missiles
 d - 206 stones (quivered)
 j - 39 sling bullets
Armour
 b - a +0 helmet (worn)
 h - a +0 tower shield
 m - a +0 robe (worn)
 q - a +1 pair of boots (worn)
Jewellery
 l - a ring of flight (left hand)
Wands
 i - a wand of paralysis (7)
 k - a wand of scattershot (6)
Scrolls
 e - a scroll of noise {!r, unknown}
 f - 5 scrolls of identify {!r}
 o - a scroll of remove curse {!r}
Potions
 r - a potion of mutation {!q}
Comestibles
 c - 4 rations
 g - a chunk of flesh


   Skills:
 - Level 3.0 Fighting
 - Level 3.0 Dodging
 - Level 3.0 Stealth
 + Level 6.2 Spellcasting
 * Level 8.0 Ice Magic


You had 7 spell levels left.
You knew the following spells:

 Your Spells              Type           Power        Failure   Level  Hunger
a - Freeze                Ice            ####         1%          1    None
b - Frozen Ramparts       Ice            #####.       1%          3    #......
c - Summon Ice Beast      Ice/Summ       ###.....     17%         4    ###....
z - Ozocubu's Armour      Chrm/Ice       ###.....     5%          3    #......

Your spell library contained the following spells:

 Spells                   Type           Power        Failure   Level  Hunger
 Hailstorm                Conj/Ice       ###.....     17%         4    ###....


Dungeon Overview and Level Annotations

Branches:
Dungeon (7/15)             Temple (1/1) D:7          Bailey (visited)

Altars:
Ashenzari
Cheibriados
Dithmenos
Hepliaklqana
Kikubaaqudgha
Makhleb
Nemelex Xobeh
Qazlal
Ru
Sif Muna
Trog
Uskayaw
Vehumet
Wu Jian
Xom
Yredelemnul

Annotations:
D:7 exclusion: dancing weapon, Pikel


Message History

The phantom hits your ice beast!
The phantom blinks!
Casting: Summon Ice Beast (quite dangerous; 17% risk of failure)
Confirm with . or Enter, or press ? or * to list all spells.
The spell is quite dangerous to cast (17% risk of failure)!
Continue anyway?
A chill wind blows around you.
The phantom closely misses your ice beast.
The phantom hits your ice beast.
The phantom blinks!
The phantom hits your ice beast.
Your ice beast freezes the phantom.
The phantom resists.
The phantom barely misses your ice beast.
The phantom hits your ice beast but does no damage.
Your ice beast freezes the phantom.
The phantom resists.
The phantom hits your ice beast but does no damage.
Your ice beast freezes the phantom.
The phantom resists.
Your ice beast disappears in a puff of smoke!
Casting: Summon Ice Beast (quite dangerous; 17% risk of failure)
Confirm with . or Enter, or press ? or * to list all spells.
The spell is quite dangerous to cast (17% risk of failure)!
Continue anyway?
A chill wind blows around you.
The phantom blinks!
Your ice beast freezes the phantom.
The phantom resists.
The phantom blinks!
Casting: Summon Ice Beast (quite dangerous; 17% risk of failure)
Confirm with . or Enter, or press ? or * to list all spells.
Aiming: Freeze (safe; 1% risk of failure)
Press: ? - help, Shift-Dir - straight line, f/p - phantom
Aim: a phantom (almost destroyed)
The phantom resists.
You freeze the phantom.
The phantom is almost destroyed.
The phantom hits you.
* * * LOW HITPOINT WARNING * * *
The phantom blinks!
There is a stone staircase leading down here.
The phantom hits something but does no damage.
The phantom barely misses your ice beast.
The phantom closely misses your ice beast.
Your ice beast freezes the phantom.
The phantom resists.
Your ice beast freezes the phantom.
The phantom resists.
The phantom blinks!
Unknown command.
The phantom blinks!
The phantom hits your ice beast but does no damage.
The phantom blinks!
The phantom hits your ice beast.
The phantom blinks!
You swap places.
The phantom hits your ice beast.
The phantom blinks!
Your ice beast disappears in a puff of smoke!
The phantom hits your ice beast. The phantom hits your ice beast!
The phantom blinks!
You start resting.
The phantom is too close now for your liking.
The phantom blinks!
There is a stone staircase leading down here.
Evoke which item? (* to show all) (? for menu, Esc to quit)
Okay, then.
The phantom blinks!
Your ice beast freezes the phantom.
The phantom resists.
The phantom hits your ice beast but does no damage.
Casting: Freeze (safe; 1% risk of failure)
Confirm with . or Enter, or press ? or * to list all spells.
The spell is quite dangerous to cast (17% risk of failure)!
Continue anyway?
You miscast Summon Ice Beast.
You are very lightly contaminated with residual magic.
You are caught in an explosion of ice and frost!
You die...

### #.# #.#.#
..#####.#####.#.##
#.##..........#..#
#.##.###.######..#
#.##.# #.# #..#
.....###.# ##..#
#.##.....# #(..#
#.####.### #.#.# #.#
#[# ##.#@# ## #.####W#
#....####.... #...##.#
###.#Y......#
###.##.####...#.W.#####
#.........###.#..#
####.####...#...$## #.#
###.#......
#.######....#..$..
#...........#######


You could see a phantom and a friendly ice beast.

Vanquished Creatures
  2 orc warriors
  An ogre (D:6)
  A bullfrog (D:7)
  A scorpion (D:6)
  A crimson imp (D:7)
  A bullfrog zombie (D:5)
  4 hounds
  A jelly (D:7)
  An orc priest (D:7)
  An orc wizard (D:7)
  2 iguanas (D:7)
  A worker ant (D:4)
  A hound skeleton (D:7)
  3 adders
  A shadow imp (D:6)
  An adder zombie (D:5)
  A leopard gecko (D:7)
  3 orcs
  A giant cockroach (D:4)
  A hobgoblin (D:1)
  4 jackals
  3 frilled lizards
36 creatures vanquished.

Notes
Turn   | Place    | Note
-------+----------+-------------------------------------------
     0 | D:1      | Amnesiac the Deep Elf Ice Elementalist began the quest for
                  | the Orb.
     0 | D:1      | Reached XP level 1. HP: 10/10 MP: 6/6
   408 | D:4      | Reached XP level 2. HP: 14/16 MP: 4/8
   429 | D:4      | Noticed a phantom
   450 | D:4      | Reached XP level 3. HP: 10/20 MP: 4/9
   768 | D:4      | Reached skill level 1 in Fighting
   768 | D:4      | Reached skill level 5 in Ice Magic
   768 | D:4      | Reached XP level 4. HP: 20/25 MP: 6/11
   776 | D:4      | Learned a level 3 spell: Frozen Ramparts
   780 | D:4      | Learned a level 3 spell: Ozocubu's Armour
   864 | D:5      | Entered Level 5 of the Dungeon
  1198 | D:5      | Reached XP level 5. HP: 26/29 MP: 7/13
  1213 | D:5      | Learned a level 4 spell: Summon Ice Beast
  1340 | D:5      | Reached skill level 6 in Ice Magic
  1566 | D:6      | Noticed an ogre
  1575 | D:6      | Killed an ogre
  1575 | D:6      | Reached XP level 6. HP: 35/35 MP: 11/15
  1601 | D:7      | Found a staircase to the Ecumenical Temple.
  1605 | D:7      | Noticed a slave
  1606 | D:7      | Noticed Pikel
  1608 | Temple   | Entered the Ecumenical Temple
  1687 | Temple   | Became a worshipper of Vehumet
  1713 | D:7      | Noticed a slave
  1713 | D:7      | Noticed a slave
  1715 | D:7      | Noticed a hungry ghost
  1716 | D:7      | Noticed a slave
  1750 | D:7      | Noticed an orc warrior
  1754 | D:7      | Reached skill level 5 in Spellcasting
  1759 | D:7      | Killed an orc warrior
  1759 | D:7      | Reached skill level 7 in Ice Magic
  1774 | D:7      | Reached XP level 7. HP: 19/40 MP: 12/17
  1853 | D:7      | Found a flagged portal.
  1859 | Bailey   | Entered a bailey
  1859 | Bailey   | Noticed an orc knight
  1859 | Bailey   | Noticed an orc knight
  1895 | Bailey   | HP: 2/40 [orc warrior/bolt (20)]
  2132 | D:7      | Found a stormy altar of Qazlal.
  2169 | D:7      | Found a hide-covered altar of Uskayaw.
  2170 | D:7      | Noticed a +0 dagger
  2170 | D:7      | Noticed a +0 dagger
  2233 | D:7      | Reached skill level 8 in Ice Magic
  2418 | D:4      | Killed by miscasting Summon Ice Beast

Levels and vault maps discovered:
D:1:      minmay_arrival_shattered_statue, layout_rooms,
          chequers_serial_rivers_room_b, lemuel_another_geyser
D:2:      layout_basic, uniq_sigmund
D:3:      layout_basic, uniq_natasha, uniq_grinder, uniq_robin
D:4:      layout_loops_ring, ebering_ghost_disaster_area, kennysheep_diamond,
          minmay_misc_feat_ornament, uniq_duvessa
D:5:      layout_basic, kennysheep_mini, first_ration
D:6:      layout_rooms, uniq_crazy_yiuf_cottage
D:7:      layout_loops_ring, dancing_weapons_uskayaw, grunt_qazlal_sundering,
          minmay_temple_entry_slanted, enter_bailey_2, uniq_pikel
Temple:   eino_temple_scatter_basement

Skill      XL: |  1  2  3  4  5  6  7 |
---------------+----------------------+-----
Stealth        | 3 |  3.0
Fighting       | 1 2 3 |  3.0
Dodging        | 3 |  3.0
Ice Magic      | 5 6 7 8 |  8.0
Spellcasting   | 4 5 6 |  6.2

Action                   |  1- 3 |  4- 6 |  7- 9 || total
-------------------------+-------+-------+-------++-------
Melee: Unarmed           |     1 |       |       ||     1
       Falchion          |     3 |     1 |       ||     4
       Long sword        |       |    19 |    21 ||    40
 Cast: Freeze            |    18 |    19 |    19 ||    56
       Frozen Ramparts   |       |     6 |     3 ||     9
       Ozocubu's Armour  |       |     2 |       ||     2
       Summon Ice Beast  |       |       |     3 ||     3
  Use: Potion            |     3 |     1 |     1 ||     5
       Scroll            |     1 |     4 |       ||     5
  Eat: Chunk             |       |     2 |     3 ||     5
Armor: Robe              |     3 |     9 |     4 ||    16
Dodge: Dodged            |    13 |    31 |    24 ||    68
       Rpst.: Falchion   |     2 |       |       ||     2
       Long sword        |       |     4 |    10 ||    14

Table legend:
 A = Non-vault XP
 B = Vault XP
 C = Vault XP percentage of total XP
 D = Non-vault monster count
 E = Vault monster count
 F = Vault count percentage of total count
                 A         B        C        D         E       F
            +---------+---------+-------+---------+---------+-------
      Total |    1012 |     142 |  12.3 |      35 |       1 |   2.8
            +---------+---------+-------+---------+---------+-------
        D:1 |       8 |       0 |   0.0 |       5 |       0 |   0.0
        D:2 |       1 |       0 |   0.0 |       1 |       0 |   0.0
        D:4 |     109 |       0 |   0.0 |       7 |       0 |   0.0
        D:5 |     189 |       0 |   0.0 |       6 |       0 |   0.0
        D:6 |     202 |       0 |   0.0 |       4 |       0 |   0.0
        D:7 |     503 |       0 |   0.0 |      12 |       0 |   0.0
     Bailey |       0 |     142 | 100.0 |       0 |       1 | 100.0
            +---------+---------+-------+---------+---------+-------
